 Dungeon Crawl Stone Soup version 0.21.1-1-g345015f (webtiles) character file.

53 czar the Sneak (level 3, 0/16 HPs)
             Began as a Spriggan Enchanter on Feb 19, 2018.
             Slain by an adder (1 damage)
             ... on level 2 of the Dungeon.
             The game lasted 00:04:49 (1048 turns).

czar the Sneak (Spriggan Enchanter)                 Turns: 1048, Time: 00:04:50

Health: 0/16       AC:  2    Str:  4    XL:     3   Next: 64%
Magic:  7/8        EV: 18    Int: 17    God:
Gold:   51         SH:  0    Dex: 16    Spells: 5/8 levels left

rFire    . . .     SeeInvis +   a - +1 dagger
rCold    . . .     Gourm    .   (shield restricted)
rNeg     . . .     Faith    .   b - +0 robe
rPois    .         Spirit   .   (helmet restricted)
rElec    .         Reflect  .   (no cloak)
rCorr    .         Harm     .   (gloves unavailable)
MR       .....                  (boots unavailable)
Stlth    +++.......             (no amulet)
HPRegen  0.05/turn              (no ring)
MPRegen  0.11/turn              (no ring)

@: very quick
A: very small, unfitting armour, see invisible, herbivore, speed 3, slow
metabolism 2
a: no special abilities


You were on level 2 of the Dungeon.
You were not hungry.

You visited 1 branch of the dungeon, and saw 2 of its levels.

You collected 51 gold pieces.

Inventory:

Hand Weapons
 a - a +1 dagger (weapon)
Armour
 b - a +0 robe (worn)
Scrolls
 f - a scroll of teleportation {unknown}
 h - 2 scrolls of magic mapping {unknown}
 i - a scroll of remove curse {unknown}
 j - a scroll of noise {unknown}
 k - a scroll of immolation {unknown}
Potions
 e - 2 potions of curing {unknown}
 g - 2 potions of heal wounds {unknown}
Books
 c - a book of Maledictions

   Spells                             Type                      Level
   a - Corona                         Hexes                        1
   b - Ensorcelled Hibernation        Hexes/Ice                    2
   c - Confuse                        Hexes                        3
   d - Tukima's Dance                 Hexes                        3
   e - Dazzling Spray                 Conjuration/Hexes            3
Comestibles
 d - a ration


   Skills:
 + Level 0.1 Fighting
 - Level 1.1 Short Blades
 - Level 3.0 Dodging
 + Level 5.6 Stealth
 + Level 3.2 Spellcasting
 + Level 4.4 Hexes
 + Level 0.1 Ice Magic


You had 5 spell levels left.
You knew the following spells:

 Your Spells              Type           Power        Failure   Level  Hunger
a - Corona                Hex            ###....      2%          1    None
b - Ensorcelled Hibernat  Hex/Ice        ##....       10%         2    ##.....


Dungeon Overview and Level Annotations

Branches:
Dungeon (2/15)

Altars:


Innate Abilities, Weirdness & Mutations

You are very small and have problems with some larger weapons.
You are too small for most types of armour.
You have supernaturally acute eyesight. (SInv)
You are a herbivore.
You cover ground extremely quickly.
You need consume almost no food.


Message History

You hit the centaur zombie.
The centaur zombie is heavily damaged.
The centaur zombie hits you.
* * * LOW HITPOINT WARNING * * *
You hit the centaur zombie.
The centaur zombie is heavily damaged.
The centaur zombie barely misses you.
You hit the centaur zombie but do no damage.
The centaur zombie is heavily damaged.
The centaur zombie closely misses you. The adder closely misses you.
You hit the centaur zombie but do no damage.
The centaur zombie is heavily damaged.
The centaur zombie hits you but does no damage.
The adder misses you.
You hit the centaur zombie.
The centaur zombie is severely damaged.
The centaur zombie stops glowing.
The centaur zombie completely misses you.
The adder bites you.
You die...

.....#.#.#.######
....#.#)#......##.
...#...'.†.......
g.#...#......###
#.#.....#......#
#.#.......#.##.#
######...........##†#
#.)............#.#...
#.##@S.........#.#..#
#.##Z..........#.#...
#.##..........(#.#...
#.##...........#.....
#...>...############.
###.....# #.##.
.......# #.##.
####....# #.##.
#....# #....


You could see an adder and a centaur zombie.

Vanquished Creatures
  An orc wizard (D:2)
  An ooze (D:2)
  A dart slug (D:2)
  A leopard gecko (D:2)
  2 ball pythons
  A giant cockroach (D:1)
  2 goblins (D:2)
  A hobgoblin (D:1)
  4 kobolds (D:1)
  A bat (D:1)
  A frilled lizard (D:2)
  A rat (D:1)
17 creatures vanquished.

Notes
Turn   | Place    | Note
-------+----------+-------------------------------------------
     0 | D:1      | czar the Spriggan Enchanter began the quest for the Orb.
     0 | D:1      | Reached XP level 1. HP: 9/9 MP: 5/5
   584 | D:1      | Reached XP level 2. HP: 13/13 MP: 5/7
   814 | D:2      | Learned a level 2 spell: Ensorcelled Hibernation
   875 | D:2      | Reached skill level 5 in Stealth
   929 | D:2      | Reached XP level 3. HP: 16/16 MP: 0/8
  1048 | D:2      | Slain by an adder

Skill      XL: |  1  2 |
---------------+-------+-----
Spellcasting   | 3 |  3.2
Hexes          | 4 |  4.4
Stealth        | 5 |  5.6
Fighting       | |  0.1
Short Blades   | |  1.1
Dodging        | |  3.0
Ice Magic      | |  0.1

Action                   || total
-------------------------++-------
Melee: Dagger            ||    74
 Cast: Corona            ||     3
       Ensorcelled Hiber ||     5
 Stab: Sleeping          ||     8
Armor: Robe              ||     5
Dodge: Dodged            ||    65
